 Dungeon Crawl Stone Soup version 0.30-a0-726-gd89dcf765f (webtiles) character file.

Game seed: 11557100732292191374

46 jimonade the Ducker (level 3, 0/17 HPs)
             Began as a Felid Berserker on Jan 29, 2023.
             Was a Believer of Trog.
             Slain by a gnoll
             ... wielding a +0 spear
              (7 damage)
             ... on level 3 of the Dungeon.
             The game lasted 00:04:03 (1594 turns).

jimonade the Ducker (Felid Berserker)               Turns: 1594, Time: 00:04:04

Health: 0/17       AC:  1    Str: 13    XL:     3   Next: 44%
Magic:  4/4        EV: 19    Int:  8    God:    Trog [**....]
Gold:   81         SH:  0    Dex: 17    Spells: 2/2 levels left
                                        Lives:  0   Deaths: 1

rFire   . . .      SeeInvis +      - Unarmed
rCold   . . .      Faith    .    (shield unavailable)
rNeg    . . .      Spirit   .    (body armour unavailable)
rPois   .          Reflect  .    (helmet unavailable)
rElec   .          Harm     .    (cloak unavailable)
rCorr   .          Rampage  .    (gloves unavailable)
Will    .....                    (boots unavailable)
Stlth   ++                       (no amulet)
HPRegen 0.22/turn                (no ring)
MPRegen 0.09/turn                (no ring)

@: quick
A: very small, claws 1, fangs 3, see invisible, speed 1, shaggy fur 1, stealthy
paws, no weapons or thrown items, no armour, multi-lived
a: Renounce Religion, Berserk, Trog's Hand


You were on level 3 of the Dungeon.
You worshipped Trog.
Trog was pleased with you.
You visited 1 branch of the dungeon, and saw 3 of its levels.

You collected 81 gold pieces.

Inventory:

Scrolls
 c - 2 scrolls of identify {unknown}
 e - a scroll of silence {unknown}
 f - 4 scrolls of blinking {unknown}
 g - a scroll of torment {unknown}
 h - a scroll of amnesia {unknown}
 j - a scroll of teleportation {unknown}
 m - 2 scrolls of enchant armour {unknown}
 o - 3 scrolls of vulnerability {unknown}
Potions
 a - a potion of magic {unknown}
 b - a potion of curing {unknown}
 d - 2 potions of heal wounds {unknown}
 i - a potion of might {unknown}
 k - a potion of ambrosia {unknown}
 l - 2 potions of resistance {unknown}
 n - a potion of flight {unknown}


   Skills:
 - Level 3.2 Fighting
 + Level 4.8 Dodging
 + Level 1.2 Stealth
 * Level 4.5 Unarmed Combat


You had 2 spell levels left.
You didn't know any spells.
Your spell library was empty.

Dungeon Overview and Level Annotations

Branches:
Dungeon (3/15)

Altars:

Shops:
D:1 *=


Innate Abilities, Weirdness & Mutations

You have sharp claws.
You have razor-sharp teeth.
You have supernaturally acute eyesight. (SInv)
You cover ground quickly. (Speed+)
You are covered in fur. (AC +1)
Your paws help you pounce on unaware monsters.
You are incapable of wielding weapons or throwing items.
You cannot wear armour.
You gain extra lives every three experience levels.


Message History

You rejoin the land of the living...
Found a stone staircase leading up.
A rat comes into view.
Unknown command.
Found 13 gold pieces.
Found an escape hatch in the ceiling.
Found 15 gold pieces and a dark potion.
A dart slug comes into view.
You pounce on the unaware helpless rat!
You mangle the rat!!
You kill the rat!
Trog accepts your kill.
You scratch the dart slug but do no damage.
You bite the dart slug.
The dart slug is lightly wounded.
You scratch the dart slug.
The dart slug is heavily wounded.
The dart slug barely misses you.
You scratch the dart slug.
You kill the dart slug!
Trog accepts your kill.
No target in view!
No target in view!
d - 2 dark potions (gained 1)
There are no items here.
The gnoll closely misses you.
You scratch the gnoll but do no damage. You bite the gnoll.
The gnoll is moderately wounded.
You scratch the gnoll.
The gnoll is heavily wounded.
The gnoll barely misses you.
You barely miss the gnoll.
The gnoll is heavily wounded.
The gnoll misses you. The gnoll barely misses you.
There is a stone staircase leading up here.
The gnoll hits you with a +0 halberd!
Ouch! That really hurt!
There is a stone staircase leading up here.
The gnoll closely misses you.
The gnoll hits you from afar with a +0 spear!
You die...

#..#..§§§≈≈≈≈≈≈ #
#.............. #.
#...#....###.
#.##...#.#####..
##.#............
#...........##.#
########........#
..####...###.........#
.=............gg@.<..#
..##########.........#
#...........#
..$........####
####.....$.# ##......#
......... ..........


You could see 2 gnolls.

Vanquished Creatures
  2 adders
  A gnoll (D:3)
  5 dart slugs
  7 endoplasms
  4 giant cockroaches
  4 goblins
  5 hobgoblins
  2 quokkas (D:2)
  5 ball pythons
  10 bats
  2 frilled lizards
  4 kobolds
  7 rats
58 creatures vanquished.

Notes
Turn   | Place    | Note
-------+----------+-------------------------------------------
     0 | D:1      | jimonade the Felid Berserker began the quest for the Orb.
     0 | D:1      | Reached XP level 1. HP: 10/10 MP: 2/2
   111 | D:1      | Reached XP level 2. HP: 14/14 MP: 3/3
   150 | D:1      | Found Yfeuhet's Jewellery Emporium.
   207 | D:1      | Found a faded altar of an unknown god.
   286 | D:1      | Found Wuge's General Store.
   351 | D:1      | Reached ** piety under Trog
   481 | D:1      | Reached XP level 3. HP: 17/17 MP: 4/4
  1071 | D:2      | Reached XP level 4. HP: 15/21 MP: 5/5
  1227 | D:2      | Reached skill level 1 in Stealth
  1560 | D:3      | Slain by a gnoll
  1561 | D:3      | Reached XP level 3. HP: -3/17 MP: 4/4
  1594 | D:3      | Slain by a gnoll

Illustrated notes

Levels and vault maps discovered:
D:1:      dpeg_arrival_more_subterranean_lakeside_camping, layout_rooms,
          serial_shops, nicolae_shop_advertising_works
          [nicolae_subvault_shop_adworks],
          nicolae_shop_competitors_out_of_business,
          hellmonk_ecumenical_altar_crossroads
D:2:      layout_basic, st_stairs_11, minmay_cupped
D:3:      minmay_angry_zag, layout_rooms, mainiacjoe_overflow_brackets,
          mainiacjoe_overflow_alcove_4

Skill      XL: |  1  2  3  4 |
---------------+-------------+-----
Unarmed Combat | 4 |  4.5
Stealth        | 1 |  1.2
Fighting       | |  3.2
Dodging        | |  4.8

Action                     |  1- 3 |  4- 6 || total
---------------------------+-------+-------++-------
  Melee: Unarmed           |   117 |    27 ||   144
         Bite              |    13 |       ||    13
         Punch             |     3 |     1 ||     4
 Invoke: Berserk           |     1 |       ||     1
   Stab: Sleeping          |     2 |     4 ||     6
 Armour: Skin              |     7 |       ||     7
  Dodge: Dodged            |   113 |    18 ||   131

Table legend: (Time is in decaauts)
 A = Elapsed time spent in this place.
 B = Non-inter-level travel time spent in this place.
 C = Inter-level travel time spent in this place.
 D = Time resting spent in this place.
 E = Time spent auto-exploring this place.
 F = Levels seen in this place.
 G = Mean time per level.
                   A        B        C        D        E       F      G
               +--------+--------+--------+--------+--------+-----+--------+
         Total |   1375 |   1342 |     33 |    255 |    679 |   3 |  458.3 |
       Dungeon |   1375 |   1342 |     33 |    255 |    679 |   3 |  458.3 |
               +--------+--------+--------+--------+--------+-----+--------+

Top non-repeatable levels by time:
     D:1: 677 daAuts
     D:2: 625 daAuts
     D:3: 71 daAuts
